 Dungeon Crawl Stone Soup version 0.17-a0-913-g36eb389 (webtiles) character file.

219 hornqvist the Sneak (level 5, -8/31 HPs)
             Began as an Octopode Conjurer on May 3, 2015.
             Mangled by hornqvist's ghost (13 damage)
             ... on level 3 of the Dungeon.
             The game lasted 00:05:51 (2730 turns).

hornqvist the Sneak (Octopode Conjurer)             Turns: 2730, Time: 00:05:52

Health: -8/31      AC:  1    Str:  8    XL:     5   Next: 96%
Magic:  8/8        EV: 12    Int: 18    God:
Gold:   131        SH:  0    Dex: 12    Spells: 3 memorised, 1 level left

rFire  . . .     SeeInvis .     i - +1 dagger (elec)
rCold  . . .     Clarity  .     (no shield)
rNeg   . . .     SustAb   .     (helmet restricted)
rPois  .         Gourm    .     (no amulet)
rElec  .         Spirit   .     (no ring)
rCorr  .         Warding  .     (no ring)
rMut   .         Stasis   .     (no ring)
MR     .....                    (no ring)
Stlth  ++++......               (no ring)
                                (no ring)
                                (no ring)
                                (no ring)

@: not resistant to hostile enchantments, stealthy
A: almost no armour, amphibious, 8 rings, constrict 8, camouflage 1, gelatinous
body 1
a: no special abilities


You were on level 3 of the Dungeon.
You were not hungry.

You visited 1 branch of the dungeon, and saw 3 of its levels.

You collected 131 gold pieces.

Inventory:

Hand weapons
 e - a +0 club
 g - a +0 dagger
 i - a +1 dagger of electrocution (weapon)
Scrolls
 j - a scroll of blinking
 n - 2 scrolls of identify
Potions
 h - a potion of cure mutation
 o - a potion of magic
Books
 a - a book of Conjurations

   Spells                             Type                      Level
   a - Magic Dart                     Conjuration                  1
   b - Searing Ray                    Conjuration                  2
   c - Dazzling Spray                 Conjuration/Hexes            3
   d - Fulminant Prism                Conjuration/Hexes            4
   e - Iskenderun's Mystic Blast      Conjuration                  4
   f - Iskenderun's Battlesphere      Conjuration/Charms           5
Comestibles
 b - a bread ration
 c - 4 fruits
 d - 6 chunks of flesh


   Skills:
 - Level 2.1 Dodging
 - Level 5.0 Stealth
 - Level 2.5 Spellcasting
 - Level 4.9 Conjurations
 + Level 3.0 Charms


You had one spell level left.
You knew the following spells:

 Your Spells              Type           Power        Failure   Level  Hunger
a - Magic Dart            Conj           ###.         1%          1    #......
b - Searing Ray           Conj           ###...       3%          2    ##.....
c - Iskenderun's Battles  Conj/Chrm      ###.....     87%         5    ######.


Dungeon Overview and Level Annotations

Branches:
Dungeon (3/15)

Altars:
Okawaru

Annotations:
D:3 hornqvist's ghost, average FoFi


Innate Abilities, Weirdness & Mutations

You cannot wear most types of armour.
You are amphibious.
You can wear up to eight rings at the same time.
You can use your tentacles to constrict eight enemies at once.
Your skin changes colour to match your surroundings (Stealth).
Your rubbery body absorbs attacks (AC +1).


Message History

You feel sick. The goblin misses you.
You take 1 damage, and have 28/31 hp.
You completely miss hornqvist's ghost.
You feel sick. Hornqvist's ghost hits you!
The goblin hits you but does no damage.
You hit hornqvist's ghost but do no damage.
Hornqvist's ghost hits you!
* * * LOW HITPOINT WARNING * * *
The goblin closely misses you.
You take 23 damage, and have 5/31 hp.
MASSIVE DAMAGE!!
Unknown command.
Drink which item? (? for menu, Esc to quit)
It was a potion of curing.
You feel better.
Hornqvist's ghost wails, "You will join me soon!"
You regained 11 hp, and now have 16/31 hp.
Hornqvist's ghost says, "You can hit me, but you can't hurt me."
Hornqvist's ghost hits you!
* * * LOW HITPOINT WARNING * * *
You take 11 damage, and have 5/31 hp.
MASSIVE DAMAGE!!
Hornqvist's ghost hits you!
You die...

#.##.###.# #.
#.#......# #.
.#.#.######..# #.
#.#.........# #.#####
#.#..#####.####......
#.##.# .............
#.##.## ............
#### #.##..#
#.#######... ...#
#.##@.## # #.## ##.#
#.##.W.# #.## #.#
#.##.#g## #... #.#
#.##.#..# #... ##'###
#.##.##.# #... .....#
#.##...)...# #+##
.....#
#.#............ ..
.....#
#.#............ ..
.....#
#.#.......(.... ..


You could see hornqvist's ghost and a goblin.

Vanquished Creatures
  A black bear (D:3)
  Jessica (D:2)
  2 adders
  3 gnolls (D:2)
  An ooze (D:1)
  A worm (D:2)
  An orc (D:2)
  9 bats
  A giant cockroach (D:1)
  11 goblins
  7 hobgoblins
  A quokka (D:2)
  2 giant geckos
  A giant newt (D:2)
  2 kobolds
  5 rats
49 creatures vanquished.

Notes
Turn   | Place    | Note
--------------------------------------------------------------
     0 | D:1      | hornqvist, the Octopode Conjurer, began the quest for the Orb.
     0 | D:1      | Reached XP level 1. HP: 11/11 MP: 3/3
   418 | D:1      | Reached XP level 2. HP: 17/17 MP: 5/5
   854 | D:1      | Learned a level 2 spell: Searing Ray
  1167 | D:2      | Noticed Jessica
  1174 | D:2      | Killed Jessica
  1174 | D:2      | Reached XP level 3. HP: 21/21 MP: 1/6
  1417 | D:2      | Reached XP level 4. HP: 27/27 MP: 3/7
  1574 | D:2      | Found an iron altar of Okawaru.
  1865 | D:2      | Reached skill level 5 in Stealth
  2298 | D:3      | Noticed hornqvist's ghost (average FoFi)
  2495 | D:3      | Reached XP level 5. HP: 31/31 MP: 8/8
  2502 | D:3      | Learned a level 5 spell: Iskenderun's Battlesphere
  2648 | D:3      | Noticed a black bear
  2656 | D:3      | Killed a black bear
  2730 | D:3      | Mangled by hornqvist's ghost

Action                   |  1- 3 |  4- 6 || total
-------------------------+-------+-------++-------
Melee: Unarmed           |     4 |       ||     4
       Dagger            |    28 |    43 ||    71
 Cast: Magic Dart        |    14 |       ||    14
       Searing Ray       |     3 |     2 ||     5
  Use: Scroll            |       |     6 ||     6
       Potion            |       |     5 ||     5
 Stab: Sleeping          |     5 |     5 ||    10
  Eat: Chunk             |     2 |     4 ||     6
